 Dungeon Crawl Stone Soup version 0.30.0-29-ga12c61a403 (webtiles) character file.

Game seed: 4827326388527179579

25 ChadusMaximus the Caller (level 3, -1/24 HPs)
             Began as a Barachi Summoner on June 22, 2023.
             Slain by an adder (2 damage)
             ... on level 2 of the Dungeon.
             The game lasted 00:01:23 (749 turns).

ChadusMaximus the Caller (Barachi Summoner)          Turns: 749, Time: 00:01:24

Health: -1/24      AC:  2    Str:  9    XL:     3   Next: 4%
Magic:  4/6        EV: 12    Int: 17    God:
Gold:   95         SH:  0    Dex: 12    Spells: 6/7 levels left

rFire   . . .        g - +1 short sword (flame)
rCold   . . .        (no shield)
rNeg    . . .        a - +0 robe
rPois   .            (no helmet)
rElec   .            (no cloak)
rCorr   .            (no gloves)
SInv    .            (no boots)
Will    .....        (no amulet)
Stlth   ++           (no ring)
HPRegen 0.24/turn    (no ring)
MPRegen 0.10/turn

%: no passive effects
@: lethally poisoned (-1 -> -9), unable to hop, slow
A: amphibious, slowness 1, strong legs 1, +LOS
a: Hop


You were on level 2 of the Dungeon.
You visited 1 branch of the dungeon, and saw 2 of its levels.

You collected 95 gold pieces.

Inventory:

Hand Weapons
 c - a +0 short sword
 g - a +1 short sword of flaming (weapon)
Armour
 a - a +0 robe (worn)
Scrolls
 f - 3 scrolls of identify {unknown}
 i - 2 scrolls of poison {unknown}
 j - a scroll of fear {unknown}
 k - a scroll of silence {unknown}
 m - a scroll of fog {unknown}
Potions
 b - a potion of magic
 d - a potion of attraction {unknown}
 e - a potion of lignification {unknown}
 h - 2 potions of might {unknown}
 l - a potion of mutation {unknown}


   Skills:
 - Level 2.6 Dodging
 - Level 2.1 Stealth
 + Level 2.5 Spellcasting
 * Level 5.1 Summonings


You had 6 spell levels left.
You knew the following spells:

 Your Spells              Type           Power      Damage    Failure   Level
a - Summon Small Mammal   Summ           76%        N/A       2%          1

Your spell library contained the following spells:

 Spells                   Type           Power      Damage    Failure   Level
 Call Imp                 Summ           38%        N/A       3%          2
 Call Canine Familiar     Summ           19%        N/A       7%          3
 Summon Guardian Golem    Hex/Summ       10%        N/A       19%         3
 Summon Lightning Spire   Summ/Air       10%        N/A       54%         4


Dungeon Overview and Level Annotations

Branches:
Dungeon (2/15)

Altars:


Innate Abilities, Weirdness & Mutations

You are amphibious.
You cover ground slowly.
You can hop short distances.
You have an extended range of vision and can be seen from far away.


Message History

The worm bites your rat.
Your rat dies!
Your rat's corpse disappears in a puff of smoke!
Casting: Summon Small Mammal (safe; 2% risk of failure)
Confirm with . or Enter, or press ? or * to list all spells.
The jackal bites your bat. The adder bites you. The jackal bites your bat.
Unknown command.
You barely miss the adder.
The adder is lightly wounded.
Your bat hits the worm. The jackal bites your bat.
Your bat dies!
Your bat's corpse disappears in a puff of smoke!
The adder closely misses you.
The jackal bites your quokka but does no damage.
The worm bites your quokka.
Your quokka dies!
Your quokka's corpse disappears in a puff of smoke!
The adder barely misses you.
Unknown command.
There is a broken door here.
The adder attacks as you move away! The adder bites you.
The adder closely misses you.
A bat comes into view.
The adder bites you.
* * * LOW HITPOINT WARNING * * *
You are poisoned.
The adder poisons you!
A rat comes into view.
* * * LOW HITPOINT WARNING * * *
You feel sick. The jackal barely misses you.
The adder attacks as you move away! The adder bites you but does no damage.
* * * LOW HITPOINT WARNING * * *
You feel sick. The adder bites you.
* * * LOW HITPOINT WARNING * * *
You are more poisoned.
The adder poisons you!
There is an escape hatch in the ceiling here.
* * * LOW HITPOINT WARNING * * *
You feel sick. The adder bites you.
You die...

.##.............#...
.###......##....# #
†###.....$.#....#
#..........###### .
....##.###.....# ####..
#.#..#.........# #......
......##.....g.###.......
...##.##.....wh#.........
......####.#'##S@#
.#..........>..h##
.#...#....######......#
....##....##### ......#
†...##........# .....b.
....#.........# .......
#####.##......# #####..
.......#......# .
.......#......#


You could see a worm, an adder, 2 jackals and a hobgoblin.

Vanquished Creatures
  6 ball pythons
  2 endoplasms (D:2)
  A goblin (D:1)
  A hobgoblin (D:2)
  A jackal (D:1)
  A bat (D:2)
  A frilled lizard (D:1)
  3 rats
16 creatures vanquished.

Vanquished Creatures (collateral kills)
  2 endoplasms (D:1)
  3 kobolds (D:1)
  2 goblins (D:1)
7 creatures vanquished.

Grand Total: 23 creatures vanquished

Notes
Turn   | Place    | Note
-------+----------+-------------------------------------------
     0 | D:1      | ChadusMaximus the Barachi Summoner began the quest for the
                  | Orb.
     0 | D:1      | Reached XP level 1. HP: 13/13 MP: 3/3
   164 | D:1      | Reached skill level 5 in Summonings
   164 | D:1      | Reached XP level 2. HP: 13/19 MP: 1/5
   708 | D:2      | Reached XP level 3. HP: 24/24 MP: 6/6
   749 | D:2      | HP: 1/24 [poisoned by an adder]
   749 | D:2      | Slain by an adder

Illustrated notes

Levels and vault maps discovered:
D:1:      shiori_shiawase, layout_rooms, minmay_tetromino_l2
D:2:      layout_basic

Skill      XL: |  1 |
---------------+----+-----
Stealth        | 2 |  2.1
Summonings     | 5 |  5.1
Dodging        | |  2.6
Spellcasting   | |  2.5

Action                     || total
---------------------------++-------
  Melee: Short sword       ||    39
         Unarmed           ||     2
   Cast: Summon Small Mamm ||     9
Ability: Hop               ||     1
   Stab: Sleeping          ||     5
 Armour: Robe              ||    11
  Dodge: Dodged            ||    37
